 Dungeon Sprint DCSS version 0.28.0-45-g0d030f2227 (webtiles) character file.

Game seed: 203717589142831302

5800000 protoss039 the Middleweight Champion (level 22, -63/169 HPs)
             Began as a Gargoyle Gladiator on Apr 16, 2022.
             Was the Champion of Makhleb.
             Annihilated by a destroyer
             ... wielding a +9 vorpal great sword
              (164 damage)
             ... in the Dungeon (Sprint VIII: "Arena of Blood").
             The game lasted 00:03:03 (58 turns).

protoss039 the Middleweight Champion (GrGl)           Turns: 58, Time: 00:03:04

Health: -63/169    AC: 25    Str: 28    XL:     22   Next: 12%
Magic:  22/35      EV: 22    Int: 10    God:    Makhleb [******]
Gold:   0          SH:  0    Dex: 11    Spells: 40/40 levels left

rFire   . . .      SeeInvis .   j - +∞ Axe of Woe
rCold   . . .      Faith    .   (shield currently unavailable)
rNeg    + . .      Spirit   .   a - +0 leather armour
rPois   ∞          Reflect  .   b - +0 helmet
rElec   +          Harm     .   (no cloak)
rCorr   .          Rampage  .   (no gloves)
Will    +....      NoTele   +   (no boots)
Stlth   +++++.....              (no amulet)
HPRegen 0.38/turn               l - +250 ring of slaying
MPRegen 0.24/turn               (no ring)

@: flying
A: sickness immunity, AC +16, big wings, negative energy resistance 1,
electricity resistance, torment resistance 1, petrification resistance
a: Renounce Religion, Minor Destruction, Lesser Servant of Makhleb, Major
Destruction, Greater Servant of Makhleb


You were in the Dungeon.
You worshipped Makhleb.
Makhleb was exalted by your worship.
You visited 1 branch

Inventory:

Hand Weapons
 j - the +∞ Axe of Woe (weapon)
   (You found it in the Dungeon)
Missiles
 c - 3 throwing nets (quivered)
Armour
 a - a +0 leather armour (worn)
 b - a +0 helmet (worn)
Jewellery
 k - a +100 ring of slaying
 l - a +250 ring of slaying (left hand)
Scrolls
 i - a scroll of blinking
Potions
 d - a potion of curing
 e - a potion of heal wounds
 f - a potion of haste
 g - 2 potions of magic
 h - a potion of berserk rage


   Skills:
 O Level 27 Fighting
 + Level 9.5(11.2) Short Blades
 + Level 9.5(11.2) Long Blades
 O Level 27 Axes
 + Level 10.4(22.3) Maces & Flails
 + Level 9.5(20.7) Polearms
 + Level 10.4(13.7) Staves
 + Level 9.5(20.0) Slings
 + Level 10.4 Bows
 + Level 10.4 Crossbows
 O Level 27 Throwing
 O Level 27 Armour
 O Level 27 Dodging
 + Level 12.2 Stealth
 + Level 11.3 Shields
 O Level 27 Unarmed Combat
 + Level 9.5 Spellcasting
 + Level 11.3 Conjurations
 + Level 10.6 Hexes
 + Level 9.5 Summonings
 + Level 8.7 Necromancy
 + Level 9.5 Translocations
 + Level 8.7 Transmutations
 + Level 10.4 Fire Magic
 + Level 10.4 Ice Magic
 + Level 8.7 Air Magic
 + Level 12.3 Earth Magic
 + Level 11.6 Poison Magic
 + Level 12.5 Invocations
 + Level 10.6 Evocations


You had 40 spell levels left.
You didn't know any spells.
Your spell library was empty.

Dungeon Overview and Level Annotations

Branches:
Dungeon (1/1)

Altars:
Makhleb


Innate Abilities, Weirdness & Mutations

You are immune to sickness and miasma.
Your stone body is resilient. (AC +16)
You are immune to poison.
Your large and strong wings let you fly.
You resist negative energy. (rN+)
You are resistant to electric shocks. (rElec)
You are resistant to unholy torment.
You are immune to petrification.


Message History

Unknown command.
Unknown command.
l - a +250 ring of slaying (left hand)
You hear a shout! x6
Unknown command.
Unknown command.
Unknown command.
You dice the meat berserker like an onion!!!!
You hew the meat berserker savagely.
You kill the meat berserker!
Makhleb accepts your kill.
You feel better.
You hear a shout! x2
The accursed casts a spell at you. Something smites you!
You hear a shout!
A bag of meat comes into view. It is wielding a +9 war axe.
A large bag of meat comes into view. It is wielding a +9 giant spiked club.
You hear a shout! x3
Your base Maces & Flails skill increases to level 10!
Your base Staves skill increases to level 10!
Your Bows skill increases to level 10!
Your Stealth skill increases to level 12!
Your Shields skill increases to level 11!
Your Conjurations skill increases to level 11!
Your Fire Magic skill increases to level 10!
Your Ice Magic skill increases to level 10!
Your Earth Magic skill increases to level 12!
You have reached level 22!
Unknown command.
Unknown command.
You hear a shout! x3
The meat berserker hits you with a +9 battleaxe!!!
You hear a shout! x4
An accursed comes into view.
The accursed casts a spell at you. Something smites you!
The destroyer hits you with a +9 vorpal great sword!!!!!
Ouch! That really hurt!
You die...

...... .. .....
#. ....# #.. ...#
.O .###..
...###...
......###....o...
......_)°).Oo...
#...))# . #_.<@_#
. ....#..O)V#X...
......)_))......
.....o###.......
.###.. .M.###M.
#.. ...# . #.
...# o. §....
....


You could see 2 accurseds, a destroyer, a meat berserker (berserk) and 2 bags of
meat.

Vanquished Creatures
  4 vampire knights (D)
  15 ogres (D)
  A two-headed ogre (D)
  A lich (D)
  A hydra (D)
  30 orcs (D)
  3 skeletal warriors (D)
55 creatures vanquished.

Notes
Turn   | Place    | Note
-------+----------+-------------------------------------------
     0 | D        | Found the +∞ Axe of Woe
     0 | D        | protoss039 the Gargoyle Gladiator began the quest for the
                  | Orb.
     0 | D        | Reached XP level 1. HP: 12/12 MP: 1/1
     1 | D        | Noticed a meat berserker
     2 | D        | Noticed a bag of meat
     2 | D        | Noticed a bag of meat
     2 | D        | Noticed a bag of meat
     3 | D        | Killed a meat berserker
     3 | D        | Noticed a bag of meat
     3 | D        | Noticed a meat berserker
     3 | D        | Noticed a bag of meat
     4 | D        | Reached skill level 15 in Dodging
     4 | D        | Reached XP level 2. HP: 30/30 MP: 2/2
     4 | D        | Reached XP level 3. HP: 35/35 MP: 3/3
     4 | D        | Reached XP level 4. HP: 40/40 MP: 4/4
     4 | D        | Reached XP level 5. HP: 45/45 MP: 5/5
     4 | D        | Reached XP level 6. HP: 51/51 MP: 6/6
     4 | D        | Reached XP level 7. HP: 55/55 MP: 7/7
     4 | D        | Reached XP level 8. HP: 60/60 MP: 8/8
     4 | D        | Reached XP level 9. HP: 65/65 MP: 9/9
     4 | D        | Reached XP level 10. HP: 71/71 MP: 10/10
     4 | D        | Reached XP level 11. HP: 76/76 MP: 11/11
     4 | D        | Reached XP level 12. HP: 81/81 MP: 12/12
     4 | D        | Killed a bag of meat
     4 | D        | Noticed a bag of meat
     5 | D        | Reached skill level 10 in Throwing
     5 | D        | Killed a meat berserker
     5 | D        | Noticed a bag of meat
     6 | D        | Reached XP level 13. HP: 91/91 MP: 13/13
     7 | D        | Killed a bag of meat
     7 | D        | Killed a bag of meat
     7 | D        | Noticed a bag of meat
     8 | D        | Reached skill level 15 in Fighting
     8 | D        | Gained mutation: Your large and strong wings let you fly.
                  | [Gargoyle growth]
     8 | D        | Reached XP level 14. HP: 98/98 MP: 14/14
     8 | D        | Became a worshipper of Makhleb the Destroyer
     9 | D        | Killed a bag of meat
     9 | D        | Killed a bag of meat
     9 | D        | Reached * piety under Makhleb
     9 | D        | Noticed a bag of meat
     9 | D        | Noticed a bag of meat
     9 | D        | Noticed a bag of meat
    10 | D        | Reached skill level 10 in Axes
    10 | D        | Reached XP level 15. HP: 101/106 MP: 15/15
    10 | D        | Noticed a meat berserker
    10 | D        | Noticed a meat berserker
    10 | D        | Noticed a meat berserker
    12 | D        | Noticed a meat berserker
    12 | D        | Noticed a meat berserker
    13 | D        | Noticed a meat berserker
    14 | D        | Killed a meat berserker
    14 | D        | Reached ** piety under Makhleb
    15 | D        | Reached skill level 27 in Unarmed Combat
    15 | D        | Reached XP level 16. HP: 78/118 MP: 16/16
    15 | D        | Noticed a meat berserker
    15 | D        | Killed a meat berserker
    15 | D        | Reached *** piety under Makhleb
    16 | D        | Reached skill level 15 in Throwing
    16 | D        | Killed a meat berserker
    17 | D        | Reached XP level 17. HP: 61/129 MP: 17/17
    17 | D        | Killed a meat berserker
    17 | D        | Reached **** piety under Makhleb
    17 | D        | Killed a meat berserker
    17 | D        | Killed a meat berserker
    17 | D        | Reached ***** piety under Makhleb
    18 | D        | Reached skill level 27 in Dodging
    18 | D        | Reached XP level 18. HP: 144/144 MP: 18/18
    18 | D        | Killed a meat berserker
    19 | D        | Reached skill level 27 in Fighting
    19 | D        | Reached skill level 27 in Axes
    19 | D        | Noticed a meat berserker
    23 | D        | Killed a meat berserker
    25 | D        | Noticed an eight-headed meat hydra
    27 | D        | Reached XP level 19. HP: 151/151 MP: 19/19
    28 | D        | Reached skill level 27 in Throwing
    28 | D        | Reached ****** piety under Makhleb
    29 | D        | Noticed a destroyer
    29 | D        | Noticed a destroyer
    31 | D        | Noticed a large bag of meat
    34 | D        | Reached skill level 27 in Armour
    35 | D        | Reached skill level 1 in Short Blades
    35 | D        | Reached skill level 1 in Long Blades
    35 | D        | Reached skill level 1 in Maces & Flails
    35 | D        | Reached skill level 1 in Polearms
    35 | D        | Reached skill level 1 in Staves
    35 | D        | Reached skill level 1 in Slings
    35 | D        | Reached skill level 1 in Bows
    35 | D        | Reached skill level 1 in Crossbows
    35 | D        | Reached skill level 1 in Stealth
    35 | D        | Reached skill level 1 in Shields
    35 | D        | Reached skill level 1 in Spellcasting
    35 | D        | Reached skill level 1 in Conjurations
    35 | D        | Reached skill level 1 in Hexes
    35 | D        | Reached skill level 1 in Summonings
    35 | D        | Reached skill level 1 in Necromancy
    35 | D        | Reached skill level 1 in Translocations
    35 | D        | Reached skill level 1 in Transmutations
    35 | D        | Reached skill level 1 in Fire Magic
    35 | D        | Reached skill level 1 in Ice Magic
    35 | D        | Reached skill level 1 in Air Magic
    35 | D        | Reached skill level 1 in Earth Magic
    35 | D        | Reached skill level 1 in Poison Magic
    35 | D        | Reached skill level 1 in Evocations
    38 | D        | Noticed a sculptor of flesh
    38 | D        | Killed a large bag of meat
    39 | D        | Reached XP level 20. HP: 51/157 MP: 19/23
    39 | D        | Noticed a meat berserker
    40 | D        | Noticed a meat berserker
    41 | D        | Noticed a destroyer
    41 | D        | Noticed a meat berserker
    41 | D        | Noticed a meat berserker
    41 | D        | Noticed a tyrant
    42 | D        | Killed a meat berserker
    42 | D        | Killed a nine-headed meat hydra
    42 | D        | Killed a meat berserker
    43 | D        | Reached skill level 5 in Stealth
    43 | D        | Reached skill level 5 in Earth Magic
    43 | D        | Reached skill level 5 in Invocations
    44 | D        | Killed a meat berserker
    44 | D        | Noticed a destroyer
    46 | D        | Killed a destroyer
    47 | D        | Reached skill level 5 in Short Blades
    47 | D        | Reached skill level 5 in Long Blades
    47 | D        | Reached skill level 5 in Polearms
    47 | D        | Reached skill level 5 in Slings
    47 | D        | Reached skill level 5 in Spellcasting
    47 | D        | Reached skill level 5 in Summonings
    47 | D        | Reached skill level 5 in Translocations
    47 | D        | Killed a meat berserker
    47 | D        | Killed a destroyer
    48 | D        | Reached skill level 5 in Necromancy
    48 | D        | Reached skill level 5 in Transmutations
    48 | D        | Reached skill level 5 in Air Magic
    48 | D        | Reached XP level 21. HP: 133/163 MP: 20/30
    48 | D        | Noticed an accursed
    49 | D        | Killed a destroyer
    50 | D        | Reached skill level 10 in Stealth
    50 | D        | Reached skill level 10 in Earth Magic
    50 | D        | Reached skill level 10 in Invocations
    50 | D        | Noticed a destroyer
    51 | D        | Killed a tyrant
    52 | D        | Reached skill level 10 in Poison Magic
    52 | D        | Noticed a meat berserker
    52 | D        | Noticed a large bag of meat
    53 | D        | Noticed a meat berserker
    54 | D        | Noticed a meat berserker
    55 | D        | Reached skill level 10 in Shields
    55 | D        | Reached skill level 10 in Conjurations
    55 | D        | Killed a destroyer
    56 | D        | Reached skill level 10 in Crossbows
    56 | D        | Reached skill level 10 in Hexes
    56 | D        | Reached skill level 10 in Evocations
    57 | D        | Killed a meat berserker
    57 | D        | Noticed a large bag of meat
    58 | D        | Reached skill level 10 in Maces & Flails
    58 | D        | Reached skill level 10 in Staves
    58 | D        | Reached skill level 10 in Bows
    58 | D        | Reached skill level 10 in Fire Magic
    58 | D        | Reached skill level 10 in Ice Magic
    58 | D        | Reached XP level 22. HP: 158/169 MP: 22/35
    58 | D        | Noticed an accursed
    58 | D        | Annihilated by a destroyer

Illustrated notes

Levels and vault maps discovered:
D:        meatsprint

Skill      XL: |  1  2  3  4  5  6  7  8  9 10 11 12 13 14 15 16 17 18 19 20 21 |
---------------+----------------------------------------------------------------+-----
Fighting       | 11 14 15 16 19 22 26 27 | 27.0
Axes           | 3 6 8 10 14 19 25 27 | 27.0
Throwing       | 9 11 12 13 14 15 17 25 27 | 27.0
Dodging        | 15 19 20 21 24 26 27 | 27.0
Unarmed Combat | 18 21 23 24 27 | 27.0
Armour         | 3 4 8 16 27 | 27.0
Short Blades   | 2 6 9 |  9.5
Long Blades    | 2 6 9 |  9.5
Maces & Flails | 2 7 10 | 10.4
Polearms       | 2 6 9 |  9.5
Staves         | 2 7 10 | 10.4
Slings         | 2 6 9 |  9.5
Bows           | 2 7 10 | 10.4
Crossbows      | 2 7 10 | 10.4
Stealth        | 3 8 12 | 12.2
Shields        | 2 7 11 | 11.3
Spellcasting   | 2 6 9 |  9.5
Conjurations   | 2 7 11 | 11.3
Hexes          | 2 7 10 | 10.6
Summonings     | 2 6 9 |  9.5
Necromancy     | 2 5 8 |  8.7
Translocations | 2 6 9 |  9.5
Transmutations | 2 5 8 |  8.7
Fire Magic     | 2 7 10 | 10.4
Ice Magic      | 2 7 10 | 10.4
Air Magic      | 2 5 8 |  8.7
Earth Magic    | 3 8 12 | 12.3
Poison Magic   | 2 8 11 | 11.6
Invocations    | 3 8 12 | 12.5
Evocations     | 2 7 10 | 10.6

Action                   |  1- 3 |  4- 6 |  7- 9 | 10-12 | 13-15 | 16-18 | 19-21 | 22-24 || total
-------------------------+-------+-------+-------+-------+-------+-------+-------+-------++-------
Melee: Executioner's axe |     1 |       |       |     2 |     4 |     7 |    17 |       ||    31
Armor: Leather armour    |       |       |       |       |       |       |     1 |       ||     1
Dodge: Dodged            |       |       |       |       |     3 |       |     1 |       ||     4
